 Dungeon Crawl Stone Soup version 0.25-a0-435-g4b9beb1024 (webtiles) character file.

Game seed: 17027306574765130119, levelgen mode: deterministic

39 Denox the Grave Robber (level 3, 0/26 HPs)
             Began as a Ghoul Necromancer on Jan 29, 2020.
             Slain by an orc priest
             ... wielding a +0 club
              (1 damage)
             ... on level 2 of the Dungeon.
             The game lasted 00:05:40 (1709 turns).

Denox the Grave Robber (Ghoul Necromancer)          Turns: 1709, Time: 00:05:40

Health: 0/26       AC:  2    Str:  9 (11) XL:     3   Next: 45%
Magic:  1/4        EV: 11    Int:  8 (11) God:
Gold:   72         SH:  0    Dex:  6 (9)  Spells: 3/5 levels left

rFire    . . .     SeeInvis .   (no weapon)
rCold    + . .     Gourm    .   (no shield)
rNeg     + + +     Faith    .   a - +0 robe
rPois    ∞         Spirit   .   (no helmet)
rElec    .         Reflect  .   (no cloak)
rCorr    .         Harm     .   (no gloves)
MR       .....                  (no boots)
Stlth    ++........             (no amulet)
HPRegen  0.00/turn              (no ring)
MPRegen  0.09/turn              (no ring)

@: flying, rotting, hasted, very quick
A: rotting body, claws 1, carnivore, cold resistance 1, negative energy
resistance 3, inhibited regeneration, torment resistance, unbreathing
a: no special abilities


You were on level 2 of the Dungeon.
You were not hungry.

You visited 1 branch of the dungeon, and saw 2 of its levels.

You collected 72 gold pieces.

Inventory:

Armour
 a - a +0 robe (worn)
Scrolls
 b - 2 scrolls of remove curse {unknown}
 f - a scroll of enchant weapon {unknown}
 g - a scroll of noise {unknown}
 i - a scroll of teleportation {unknown}
Comestibles
 c - 3 rations


   Skills:
 - Level 1.7 Dodging
 + Level 3.3 Stealth
 - Level 1.7 Spellcasting
 * Level 4.7 Necromancy


You had 3 spell levels left.
You knew the following spells:

 Your Spells              Type           Power        Failure   Level  Hunger
a - Pain                  Necr           #...         5%          1    ##.....
b - Animate Skeleton      Necr           N/A          5%          1    ##.....

Your spell library contained the following spells:

 Spells                   Type           Power        Failure   Level  Hunger
 Vampiric Draining        Necr           #.........   16%         3    ####...
 Animate Dead             Necr           N/A          47%         4    #####..
 Agony                    Necr           #.......     83%         5    ######.


Dungeon Overview and Level Annotations

Branches:
Dungeon (2/15)

Altars:
Gozag


Innate Abilities, Weirdness & Mutations

Your body is rotting away.
You thrive on raw meat.
You are immune to poison.
You have sharp fingernails.
You are carnivorous and can eat meat at any time.
Your flesh is cold resistant. (rC+)
You are immune to negative energy. (rN+++)
You do not regenerate when monsters are visible.
You are immune to unholy pain and torment.
You can survive without breathing.


Message History

The orc priest is moderately wounded.
The orc priest hits you but does no damage.
Casting: Pain (safe; 4% risk of failure)
Confirm with . or Enter, or press ? or * to list all spells.
Aiming: Pain (safe; 4% risk of failure)
Press: ? - help, Shift-Dir - straight line, f/p - orc priest
Aim: an orc priest, wielding a +0 club (moderately wounded, chance to defeat MR: 66%)
The orc priest struggles to resist.
The orc priest hits you with a +0 club.
* * * LOW HITPOINT WARNING * * *
It was a potion of degeneration.
There was something very wrong with that liquid.
You feel weakened.
You feel dopey.
You feel clumsy. The orc priest closely misses you.
It was a potion of haste.
You feel yourself speed up. The orc priest hits you with a +0 club.
* * * LOW HITPOINT WARNING * * *
It was a potion of flight.
You feel very buoyant.
You fly up into the air.
The orc priest hits you with a +0 club.
You die...

≈≈#.# #........# #.......#
≈≈#.####÷.......#
#.......#
.≈#.............#
#.......#
.≈#.#######.#####
#.......# .≈#.# #.#
#.......# ≈≈#.. #.##
###.......# ≈≈#.# .####..#
##.........# ###..
...###.###.........##
#.####..........@........#
#.#.......##.###o........#
..........##.###.........#
..............#..#########
............#.#..#
............#.#..#
............#....#
.................#
########
#..........#...###
#......#


You could see an orc priest.

Vanquished Creatures
  An adder (D:2)
  A dart slug (D:1)
  An orc (D:2)
  2 giant cockroaches (D:1)
  2 goblins (D:2)
  2 hobgoblins (D:1)
  6 bats
  A frilled lizard (D:1)
  2 kobolds
  3 rats (D:1)
21 creatures vanquished.

Vanquished Creatures (collateral kills)
  An adder (D:2)
1 creature vanquished.

Grand Total: 22 creatures vanquished

Notes
Turn   | Place    | Note
-------+----------+-------------------------------------------
     0 | D:1      | Denox the Ghoul Necromancer began the quest for the Orb.
     0 | D:1      | Reached XP level 1. HP: 14/14 MP: 2/2
   368 | D:1      | Reached XP level 2. HP: 15/20 MP: 0/3
  1102 | D:2      | Learned a level 1 spell: Animate Skeleton
  1297 | D:2      | Found an opulent altar of Gozag.
  1331 | D:2      | Reached XP level 3. HP: 21/26 MP: 0/4
  1537 | D:2      | Noticed an orc warrior
  1708 | D:2      | HP: 1/26 [orc priest/+0 club (5)]
  1709 | D:2      | Slain by an orc priest

Levels and vault maps discovered:
D:1:      dpeg_arrival_rooms_c, layout_basic, serial_curves, eino_curves_03,
          eino_curves_02, eino_curves_01, eino_curves_03, minmay_fountain_box
D:2:      layout_rooms, grunt_dithmenos_smoke, nicolae_overflow_hidden_temple,
          kennysheep_generic_room_8

Skill      XL: |  1  2 |
---------------+-------+-----
Stealth        | 3 |  3.3
Dodging        | |  1.7
Spellcasting   | |  1.7
Necromancy     | |  4.7

Action                   || total
-------------------------++-------
Melee: Unarmed           ||    67
 Cast: Pain              ||    24
       Animate Skeleton  ||     2
  Use: Potion            ||     3
 Stab: Sleeping          ||     3
  Eat: Chunk             ||     4
Armor: Robe              ||    21
Dodge: Dodged            ||    72

Table legend:
 A = Non-vault XP
 B = Vault XP
 C = Vault XP percentage of total XP
 D = Non-vault monster count
 E = Vault monster count
 F = Vault count percentage of total count
                 A         B        C        D         E       F
            +---------+---------+-------+---------+---------+-------
      Total |      56 |       0 |   0.0 |      22 |       0 |   0.0
            +---------+---------+-------+---------+---------+-------
        D:1 |      21 |       0 |   0.0 |      13 |       0 |   0.0
        D:2 |      35 |       0 |   0.0 |       9 |       0 |   0.0
            +---------+---------+-------+---------+---------+-------
